 Dungeon Crawl Stone Soup version 0.30.1-4-g462c640d31 (webtiles) character file.

Game seed: 6862620568957506121

804 Peloso the Slasher (level 7, -4/63 HPs)
             Began as a Minotaur Fighter on Aug 16, 2023.
             Slain by an ogre
             ... wielding a +0 giant spiked club
              (27 damage)
             ... on level 5 of the Dungeon.
             The game lasted 00:05:59 (3147 turns).

Peloso the Slasher (Minotaur Fighter)               Turns: 3147, Time: 00:06:00

Health: -4/63      AC: 10    Str: 20    XL:     7   Next: 60%
Magic:  6/6        EV:  9    Int:  5    God:
Gold:   108        SH:  5    Dex: 12    Spells: 6/6 levels left

rFire   . . .        a - +0 long sword
rCold   . . .        d - +0 buckler
rNeg    . . .        x - +2 scale mail of the Big Bang {Slay+5}
rPois   .            (helmet restricted)
rElec   .            (no cloak)
rCorr   .            l - +0 pair of gloves
SInv    .            (no boots)
Will    .....        (no amulet) Stlth
                     (no ring)
HPRegen 0.30/turn    (no ring)
MPRegen 0.10/turn

%: no passive effects
@: no status effects
A: horns 2, retaliatory headbutt
a: no special abilities


You were on level 5 of the Dungeon.
You visited 1 branch of the dungeon, and saw 5 of its levels.

You collected 270 gold pieces.
You spent 162 gold pieces at shops.

Inventory:

Hand Weapons
 a - a +0 long sword (weapon)
Missiles
 r - 2 throwing nets (quivered)
Armour
 b - a +0 scale mail
 c - a +1 plate armour of willpower
 d - a +0 buckler (worn)
 l - a +0 pair of gloves (worn)
 x - the +2 scale mail of the Big Bang (worn) {Slay+5}
   (You bought it in a shop on level 3 of the Dungeon)

   Slay:      It affects your accuracy & damage with ranged weapons and melee
   (+5).
Jewellery
 s - a ring of fire
 v - an amulet of guardian spirit
Scrolls
 k - a scroll of noise {unknown}
 m - a scroll of vulnerability {unknown}
 o - a scroll of fog {unknown}
 p - a scroll of immolation
 q - a scroll of fear
 u - a scroll of brand weapon {unknown}
 w - a scroll of teleportation {unknown}
Potions
 e - a potion of lignification
 f - 3 potions of flight
 g - a potion of brilliance {unknown}
 h - 2 potions of might
 i - a potion of invisibility {unknown}
 j - a potion of curing
 n - a potion of cancellation {unknown}
 t - a potion of mutation {unknown}


   Skills:
 + Level 6.0 Fighting
 + Level 6.8 Long Blades
 + Level 6.2 Armour
 + Level 0.9 Dodging
 + Level 0.5 Stealth
 + Level 4.8 Shields


You had 6 spell levels left.
You didn't know any spells.
Your spell library contained the following spells:

 Spells                   Type           Power      Damage    Failure   Level
 Apportation              Tloc           0%         N/A       86%         1
 Lesser Beckoning         Tloc           0%         N/A       95%         2
 Gell's Gravitas          Tloc           0%         N/A       99%         3
 Ozocubu's Armour         Ice            0%         N/A       99%         3
 Summon Guardian Golem    Hex/Summ       0%         N/A       99%         3
 Teleport Other           Tloc           0%         N/A       99%         3
 Alistair's Intoxication  Tmut/Pois      0%         N/A       100%        5
 Orb of Destruction       Conj           0%         9d5       100%        7
 Ozocubu's Refrigeration  Ice            0%         4d7       100%        7
 Spellforged Servitor     Conj/Summ      0%         N/A       100%        7


Dungeon Overview and Level Annotations

Branches:
Dungeon (5/15)
 Temple: D:4-7

Altars:
Trog
Zin

Shops:
D:3 [


Innate Abilities, Weirdness & Mutations

You have a pair of horns on your head.
You reflexively headbutt those who attack you in melee.


Message History

The orc closely misses you.
You hit the orc.
The orc is severely wounded.
An orc comes into view. It is wielding a +0 hand axe.
The orc hits you with a +0 whip.
The orc shouts!
You hit the orc.
The orc is severely wounded.
You block the orc's attack.
You slash the orc!
You kill the orc!
The orc hits you with a +0 hand axe.
You slash the orc!
You kill the orc!
Grinder blinks!
You closely miss the orc. Your headbutt misses the orc.
The orc hits you but does no damage.
You barely miss the orc.
You are no longer corroded.
The orc hits you but does no damage.
You slash the orc!
You kill the orc!
An ogre comes into view. It is wielding a +0 giant spiked club.
The ogre shouts!
You slash the orc!
You kill the orc!
You slash Grinder! Your headbutt misses Grinder.
Grinder is heavily wounded.
Grinder barely misses you.
You slash Grinder!
Grinder is severely wounded.
Grinder hits you.
You slash Grinder! You headbutt Grinder.
You kill Grinder!
Your Fighting skill increases to level 6!
Your Armour skill increases to level 6!
You hit the ogre.
The ogre is moderately wounded.
The ogre hits you with a +0 giant spiked club!!
You die...

###############
..?.......O@..#
#####.#.###.#
#.#.# .# ##
#ยง#o# .# ##.#
#g#.# .# ###...#
#h#r# .#
..g...<###oJ5# .#
...S5....oo.###
.#
##.....#.o#......


You could see an ogre.

Vanquished Creatures
  Grinder (D:5)
  A phantom (D:5)
  2 scorpions (D:5)
  A howler monkey (D:5)
  A jelly (D:5)
  A gnoll bouda (D:4)
  Jessica (D:2)
  An orc wizard (D:5)
  8 adders
  8 gnolls
  A worm (D:3)
  14 orcs
  7 ball pythons
  5 bats
  7 endoplasms
  3 giant cockroaches
  8 goblins
  7 hobgoblins
  14 kobolds
  6 quokkas
  3 frilled lizards
  5 rats
105 creatures vanquished.

Notes
Turn   | Place    | Note
-------+----------+-------------------------------------------
     0 | D:1      | Peloso the Minotaur Fighter began the quest for the Orb.
     0 | D:1      | Reached XP level 1. HP: 19/19 MP: 0/0
   116 | D:1      | Reached XP level 2. HP: 26/27 MP: 1/1
   630 | D:2      | Reached XP level 3. HP: 33/33 MP: 2/2
   755 | D:2      | Noticed Jessica
   759 | D:2      | Killed Jessica
   767 | D:2      | Reached XP level 4. HP: 35/41 MP: 3/3
   941 | D:2      | Found a glowing silver altar of Zin.
  1604 | D:3      | Found Ledouluj's Antique Armour Shop.
  1838 | D:3      | Reached XP level 5. HP: 37/47 MP: 4/4
  2057 | D:3      | Found a bloodstained altar of Trog.
  2346 | D:3      | Reached skill level 5 in Armour
  2510 | D:4      | Reached skill level 5 in Fighting
  2979 | D:3      | Bought a translucent scale mail for 162 gold pieces
  2979 | D:3      | Identified the +2 scale mail of the Big Bang {Slay+5} (You
                  | bought it in a shop on level 3 of the Dungeon)
  3040 | D:5      | Entered Level 5 of the Dungeon
  3045 | D:5      | Noticed Grinder
  3066 | D:5      | Reached XP level 6. HP: 44/56 MP: 5/5
  3071 | D:5      | Paralysed by Grinder for 4 turns
  3090 | D:5      | Reached skill level 5 in Long Blades
  3106 | D:5      | Reached XP level 7. HP: 28/62 MP: 6/6
  3146 | D:5      | Killed Grinder
  3147 | D:5      | Slain by an ogre

Illustrated notes

Levels and vault maps discovered:
D:1:      wander_arrival_chamber, layout_rooms, chequers_serial_rivers_small_b,
          minmay_misc_feat_alley, minmay_misc_feat_four_crosses
D:2:      layout_loops_ring, basic_altar, chequers_serial_rivers_micro_a,
          uniq_jessica
D:3:      layout_loops_ring, trog_hazing_becter, serial_shops, shop
D:4:      layout_cave_pools
D:5:      layout_loops_ring, grunt_qazlal_clouds,
          nicolae_gozag_cash_rules_everything_around_me, gup_sewer_entry_bowl,
          chequers_garden, uniq_ijyb, uniq_eustachio, uniq_grinder

Skill      XL: |  1  2  3  4  5  6  7 |
---------------+----------------------+-----
Armour         | 4 5 6 |  6.2
Fighting       | 4 5 6 |  6.0
Long Blades    | 3 4 5 6 |  6.8
Shields        | 4 |  4.8
Dodging        | |  0.9
Stealth        | |  0.5

Action                     |  1- 3 |  4- 6 |  7- 9 || total
---------------------------+-------+-------+-------++-------
  Melee: Long sword        |    65 |   181 |    37 ||   283
         Headbutt          |     8 |    20 |     3 ||    31
    Use: Scroll            |       |     6 |       ||     6
         Potion            |       |     1 |     1 ||     2
 Armour: Scale mail        |    22 |    11 |    10 ||    43
         Plate armour      |    27 |   100 |       ||   127
  Dodge: Dodged            |    27 |    55 |     8 ||    90
  Block: Buckler           |    18 |    44 |     4 ||    66
